Map: Romanticide LE

Players

EnDerr - Winner!

  • Race: Zerg Zerg
  • Spawn Location: 5:00

Seither

  • Race: Terran Terran
  • League: Grandmaster
  • Spawn Location: 11:00

Event: DreamHack SC2 Masters 2020 Winter

VOD

Have the link to the VOD?

Description

Time

  • Played on: Oct. 24, 2020, 6:34 a.m.
  • Length: 8:46

All games in this series

Show
View Real Time Build Order
Export as new Build Order

EnDerr Zerg - Winner!

Build Orders: Hatch First 

Get SALT Encoding   

  12  0:00  Drone  
  13  0:12  Overlord  
  13  0:17  Drone  
  14  0:31  Drone x2  
  16  0:49  Hatchery  
  15  0:52  Drone  
  15  0:57  Drone  
  17  1:08  Extractor  
  16  1:13  Spawning Pool  
  16  1:16  Drone  
  16  1:20  Drone  
  16  1:23  Drone  
  18  1:29  Drone  
  19  1:40  Drone  
  20  1:50  Drone  
  21  2:01  Queen x2  
  21  2:03  Zergling x4  
  27  2:10  Metabolic Boost  
  27  2:16  Spine Crawler  
  27  2:21  Drone x2  
  27  2:30  Overlord  
  27  2:41  Hatchery  
  26  2:47  Overlord  
  26  2:52  Zergling x4  
  26  2:55  Zergling x2  
  26  2:57  Zergling x2  
  30  2:58  Zergling x2  
  30  3:04  Zergling x2  
  32  3:07  Zergling x2  
  33  3:16  Drone x2  
  33  3:17  Drone  
  33  3:19  Drone x2  
  38  3:26  Overlord  
  38  3:32  Drone  
  39  3:38  Drone  
  39  3:40  Drone  
  41  3:47  Drone  
  42  3:55  Drone x2, Overlord  
  43  3:56  Drone  
  43  3:57  Drone  
  43  3:59  Queen  
  48  4:05  Drone x2  
  50  4:13  Lair  
  50  4:16  Overlord  
  50  4:18  Drone x6  
  50  4:22  Queen  
  58  4:25  Drone x2  
  58  4:30  Overlord  
  60  4:34  Drone x3  
  63  4:43  Overlord  
  63  4:47  Drone x3  
  66  4:55  Roach Warren  
  66  4:56  Evolution Chamber  
  66  4:57  Drone x3  
  68  5:00  Drone x2  
  68  5:01  Drone  
  70  5:08  Queen, Overlord  
  70  5:10  Spore Crawler  
  70  5:14  Overlord x2  
  71  5:19  Spore Crawler, Extractor x2  
  68  5:24  Zergling x8  
  68  5:26  Spore Crawler  
  71  5:37  Glial Reconstitution  
  71  5:38  Overlord x2  
  71  5:39  Queen x2  
  71  5:40  Drone x4  
  71  5:41  Drone x2  
  81  5:43  Extractor x2  
  79  5:55  Nydus Network  
  79  5:56  Overseer  
  78  6:09  Overlord x2  
  78  6:10  Extractor  
  68  6:28  Drone x5  
  68  6:29  Drone x3  
  68  6:30  Roach x9  
  88  6:33  Roach  
  88  6:35  Roach  
  88  6:39  Roach  
  93  6:51  Nydus Canal  
  93  6:54  Roach  
  93  6:55  Roach x5  
  93  7:01  Roach x2  
  109  7:02  Overlord  
  109  7:05  Roach  
  111  7:09  Ravager  
  111  7:10  Ravager x3  
  111  7:15  Roach x2, Nydus Canal  
  119  7:16  Roach  
  119  7:19  Roach  
  119  7:21  Roach  
  125  7:24  Roach  
  125  7:27  Roach x2  
  131  7:31  Roach  
  131  7:35  Roach x2  
  137  7:39  Roach  
  137  7:47  Roach  
  137  7:51  Ravager x4  
  137  7:54  Drone  
  138  8:02  Overlord x3  
  138  8:06  Queen x2  
Show
View Real Time Build Order
Export as new Build Order

Seither Terran 

Build Orders: Reaper Expand 

Get SALT Encoding   

  12  0:00  SCV  
  13  0:12  SCV  
  14  0:17  Supply Depot  
  14  0:24  SCV  
  15  0:39  SCV  
  15  0:40  Barracks  
  16  0:44  Refinery  
  16  0:51  SCV  
  17  1:03  SCV  
  18  1:15  SCV  
  19  1:28  Orbital Command, Reaper  
  20  1:40  Command Center  
  20  1:51  Supply Depot  
  20  1:54  SCV  
  21  2:00  Reaper  
  22  2:04  Bunker  
  22  2:07  SCV  
  23  2:11  Refinery  
  23  2:19  SCV  
  24  2:25  Factory  
  24  2:31  SCV  
  24  2:43  SCV  
  25  2:45  Barracks Reactor  
  25  2:53  Orbital Command  
  25  2:55  SCV  
  26  3:05  Command Center  
  26  3:07  SCV  
  27  3:17  Starport  
  27  3:19  SCV  
  28  3:20  SCV  
  29  3:29  Hellion x2  
  29  3:31  SCV  
  29  3:32  Barracks Tech Lab  
  34  3:41  SCV  
  32  3:52  Hellion x2  
  34  3:57  Fusion Core, Orbital Command  
  34  3:58  SCV  
  34  4:05  Viking  
  34  4:09  Marine  
  36  4:10  SCV  
  38  4:17  Hellion x2  
  42  4:25  SCV x2  
  42  4:28  Orbital Command  
  44  4:33  Barracks Tech Lab  
  44  4:37  SCV  
  45  4:49  SCV  
  45  4:52  Battlecruiser  
  52  4:58  SCV x2  
  54  5:04  Supply Depot  
  56  5:07  Hellion x2  
  56  5:12  SCV  
  56  5:13  Factory, SCV  
  60  5:14  SCV  
  61  5:23  Orbital Command  
  61  5:25  Refinery  
  61  5:27  Supply Depot, Refinery  
  61  5:28  Armory  
  61  5:30  SCV x2  
  63  5:38  Marine  
  63  5:42  SCV x2  
  66  5:51  Supply Depot, SCV  
  66  5:53  Barracks x2  
  66  5:54  SCV  
  66  5:55  Stimpack  
  68  6:01  SCV  
  68  6:03  SCV  
  70  6:05  Engineering Bay  
  70  6:07  Starport Reactor  
  70  6:13  SCV  
  70  6:14  SCV  
  70  6:16  Widow Mine x2  
  76  6:23  SCV  
  76  6:24  Supply Depot  
  69  6:25  Engineering Bay  
  69  6:26  SCV  
  69  6:30  Drilling Claws  
  70  6:35  SCV x2  
  70  6:36  Terran Infantry Weapons Level 1  
  70  6:39  Missile Turret  
  73  6:41  Widow Mine  
  73  6:42  Barracks Reactor x2  
  73  6:46  Missile Turret  
  73  6:47  Missile Turret  
  73  6:49  Widow Mine x2, Medivac x2  
  81  6:55  SCV x3  
  81  6:57  Supply Depot  
  84  7:02  Supply Depot  
  84  7:07  SCV x2, Orbital Command  
  87  7:08  Siege Tank  
  89  7:17  Marine  
  89  7:22  Bunker x2  
  86  7:25  Widow Mine x2, Marine x3  
  90  7:31  Supply Depot  
  90  7:34  Marine  
  90  7:35  Marine  
  77  7:55  Marine x3  
  78  8:03  Marine  
  78  8:04  Widow Mine  
  77  8:07  Widow Mine  
  77  8:08  Supply Depot  
  77  8:11  Marauder  
  76  8:13  Marine x2  
  76  8:14  Siege Tank  
Tags
 
Add a new tag
Caveats
  • Supply blocks, unpowered buildings, or Contaminate may cause inaccurate times.
  • Supply counts are checked every 10 seconds.